 Dungeon Crawl Stone Soup version 0.27.1-35-g4d5d836560 (console) character file.

Game seed: 14199646005096466050

40172 grimtooth the Tainter (level 14, -4/108 HPs)
             Began as a Merfolk Venom Mage on May 4, 2022.
             Was an Elder of Fedhas.
             Killed by an exploding ballistomycete spore (19 damage)
             ... set off by their pet
             ... on level 5 of the Lair of Beasts.
             The game lasted 02:15:03 (20249 turns).

grimtooth the Tainter (Merfolk Venom Mage)         Turns: 20249, Time: 02:15:04

Health: -4/108     AC: 19    Str: 10    XL:     14   Next: 9%
Magic:  23/36      EV: 16    Int: 17    God:    Fedhas [****..]
Gold:   787        SH:  0    Dex: 15    Spells: 17/31 levels left

rFire    + . .     SeeInvis .   a - +2 dagger (protect)
rCold    . . .     Faith    .   (no shield)
rNeg     . . .     Spirit   .   C - +0 leather armour {rF+}
rPois    +         Reflect  .   (no helmet)
rElec    .         Harm     .   (no cloak)
rCorr    .         Rampage  .   D - +2 pair of gloves
Will     +....                  (no boots)
Stlth    +.........             d - amulet of regeneration
HPRegen  1.28/turn              I - ring of poison resistance
MPRegen  0.25/turn              N - ring of magical power

@: confused, ice-armoured, under a protective aura
A: (nimble swimmer 2), mertail
a: Renounce Religion, Wall of Briars, Grow Ballistomycete, Overgrow


You were on level 5 of the Lair of Beasts.
You worshipped Fedhas.
Fedhas was greatly pleased with you.
You visited 3 branches of the dungeon, and saw 17 of its levels.

You collected 1127 gold pieces.
You spent 340 gold pieces at shops.

Inventory:

Hand Weapons
 a - a +2 dagger of protection (weapon)
 b - a +2 vorpal hunting sling
 G - a +2 scimitar of flaming
 Q - a +3 demon trident
Missiles
 j - 42 stones
 r - 12 curare-tipped darts
 v - 134 sling bullets
 w - 58 poisoned darts (quivered)
 P - 7 javelins
Armour
 C - a +0 leather armour of fire resistance (worn)
 D - a +2 pair of gloves (worn)
Jewellery
 d - an amulet of regeneration (around neck)
 h - a ring of flight
 i - a ring of positive energy
 F - an amulet of the acrobat
 I - a ring of poison resistance (left hand)
 K - a ring of wizardry
 N - a ring of magical power (right hand)
Wands
 m - a wand of polymorph (5)
 n - a wand of paralysis (8)
 s - a wand of acid (2)
 x - a wand of charming (19)
 H - a wand of flame (4)
 J - a wand of iceblast (6)
Scrolls
 f - 3 scrolls of noise
 g - 2 scrolls of summoning
 o - 3 scrolls of teleportation
 p - 3 scrolls of immolation
 q - 3 scrolls of enchant weapon
 t - 5 scrolls of amnesia {unknown}
 u - 4 scrolls of fog {unknown}
 y - 2 scrolls of enchant armour
 z - a scroll of magic mapping
 A - a scroll of vulnerability {unknown}
 B - a scroll of torment {unknown}
 M - 2 scrolls of blinking
Potions
 c - 3 potions of lignification
 e - 3 potions of haste
 k - 11 potions of curing
 l - 2 potions of berserk rage
 E - a potion of heal wounds
 O - a potion of invisibility
Miscellaneous
 L - a phantom mirror


   Skills:
 - Level 9.0 Fighting
 - Level 6.0 Short Blades
 - Level 9.0 Dodging
 - Level 6.0 Stealth
 - Level 9.0 Spellcasting
 + Level 2.1 Conjurations
 - Level 1.3 Transmutations
 - Level 12.0 Ice Magic
 + Level 4.5 Air Magic
 - Level 12.0 Poison Magic
 - Level 9.0 Invocations


You had 17 spell levels left.
You knew the following spells:

 Your Spells              Type           Power      Damage    Failure   Level
a - Freeze                Ice            100%       1d11      1%          1
b - Poisonous Vapours     Pois/Air       70%        N/A       1%          2
c - Mephitic Cloud        Conj/Pois/Air  28%        N/A       3%          3
d - Olgreb's Toxic Radia  Pois           48%        N/A       1%          4
e - Sting                 Tmut/Pois      100%       1d8       1%          1
o - Ozocubu's Armour      Ice            48%        N/A       1%          3

Your spell library contained the following spells:

 Spells                   Type           Power      Damage    Failure   Level
 Frozen Ramparts          Ice            96%        1d11      1%          3
 Hailstorm                Conj/Ice       31%        3d8       7%          4
 Corpse Rot               Necr/Air       N/A        N/A       8%          2
 Animate Skeleton         Necr           14%        N/A       13%         1
 Pain                     Necr           28%        1d5       13%         1
 Dazzling Flash           Conj/Hex       22%        N/A       26%         3
 Freezing Cloud           Conj/Ice/Air   14%        6-21      28%         5
 Call Canine Familiar     Summ           7%         N/A       36%         3
 Portal Projectile        Hex/Tloc       14%        N/A       36%         3
 Vampiric Draining        Necr           3%         2d6       36%         3
 Ozocubu's Refrigeration  Ice            24%        4d9       61%         7
 Leda's Liquefaction      Hex/Erth       3%         N/A       77%         4
 Silence                  Hex/Air        7%         N/A       80%         5
 Iskenderun's Battlesphe  Conj           14%        2d7       83%         5
 Blade Hands              Tmut           6%         N/A       90%         5
 Agony                    Necr           7%         N/A       98%         5
 Excruciating Wounds      Necr           3%         N/A       98%         5
 Iron Shot                Conj/Erth      5%         9d2       100%        6
 Spellforged Servitor     Conj/Summ      5%         N/A       100%        7


Dungeon Overview and Level Annotations

Branches:
Dungeon (10/15)            Temple (1/1) D:6            Lair (6/6) D:10
 Shoals (0/4) Lair:3        Snake (0/4) Lair:3          Orc (0/2) D:9
  Slime: Lair:5-6

Altars:
Ashenzari
Cheibriados
Dithmenos
Elyvilon
Fedhas
Gozag
Hepliaklqana
Kikubaaqudgha
Makhleb
Nemelex Xobeh
Okawaru
Qazlal
Ru
Sif Muna
Trog
Uskayaw
Vehumet
Wu Jian
Xom
Yredelemnul
Zin
The Shining One

Shops:
D:2 [   D:3 [[!*[

Annotations:
D:4 Menkaure
D:9 exclusion: orange crystal statue
D:10 uglies!
Lair:1 Harold
Lair:2 Gastronok
Lair:4 1 runed translucent door
Lair:5 Snorg
Lair:6 1 exclusion


Innate Abilities, Weirdness & Mutations

((You are quick and stealthy near water. (Stealth+, EV+, Speed+++)))
Your lower body shifts to a powerful aquatic tail in water.


Message History

Snorg is moderately wounded.
Snorg bites you but does no damage. Snorg closely misses you.
Snorg claws you but does no damage.
Casting: Freeze (safe; 1% risk of failure)
Confirm with . or Enter, or press ? or * to list all spells.
Aiming: Freeze (safe; 1% risk of failure)
Press: ? - help, Shift-Dir - straight line, f/p - Snorg
Aim: Snorg (moderately wounded, berserk, confused, ally target)
You freeze Snorg!
Snorg is heavily wounded.
Snorg bites your ballistomycete spore!
Your ballistomycete spore explodes!
Snorg appears confused.
The explosion of spores engulfs Snorg!!
Snorg is heavily wounded.
Fedhas protects your plant from harm. x2
You hear a croak.
A ballistomycete spore comes into view.
Casting: Freeze (safe; 1% risk of failure)
Confirm with . or Enter, or press ? or * to list all spells.
Aiming: Freeze (safe; 1% risk of failure)
Press: ? - help, Shift-Dir - straight line, f/p - Snorg
Aim: Snorg (heavily wounded, berserk, confused, ally target)
You freeze Snorg.
Snorg is severely wounded.
Your ballistomycete spore explodes!
Fedhas protects your plant from harm. x2
Snorg appears confused.
The explosion of spores engulfs Snorg!!
Snorg is severely wounded.
Snorg bites you!!
* * * LOW HITPOINT WARNING * * *
Snorg claws you.
* * * LOW HITPOINT WARNING * * *
Snorg closely misses you.
Your ballistomycete spore explodes!
Snorg appears confused.
The explosion of spores engulfs Snorg!!
Snorg is almost dead.
The explosion of spores engulfs you!!
You are confused.
You die...
Fedhas appreciates your contribution to the ecosystem.

...♣#..♣..#.#......^########
♣.♣♣#.♣.♣.#....##..##
###########....#[≈##
..............##.##
###.....#..####..# #
#####.##.## #.## #.##P.P#
#.# ####...###.# #.....#.##
#.....#..# #.....##@##
##.P..##.T## #.#....##.P##
#### ##....###...#
#..########...# ##..≈..≈≈..
........# #...## #.≈..≈..≈.
........# #....# ##...≈..≈.
.......####....# ##.≈....≈
...............# #######
....)..........#
..............##


You could see Snorg (berserk, confused, ally target) and a friendly
ballistomycete (summoned).

Vanquished Creatures
  5 hydras
  A catoblepas (Lair:6)
  A boulder beetle (Lair:5)
  Erica (D:9)
  A centaur warrior (D:9)
  2 death yaks (Lair:5)
  Urug (Lair:5)
  Pikel (D:9)
  A manticore (Lair:3)
  5 elephants (Lair:6)
  A black mamba (Lair:5)
  Joseph (D:7)
  4 cane toads
  3 rime drakes
  5 komodo dragons
  A queen bee (Lair:3)
  6 polar bears
  A wind drake (Lair:3)
  Prince Ribbit (D:9)
  14 blink frogs
  9 dream sheep
  Sigmund (D:2)
  60 yaks
  7 wyverns
  6 basilisks
  A steam dragon (D:9)
  A fire elemental (Lair:5)
  Grum (D:8)
  17 water moccasins
  3 ice beasts
  A sky beast (D:5)
  10 black bears
  5 orc warriors
  3 ogres
  17 wolves
  3 kobold brigands
  9 bullfrogs
  A scorpion (D:5)
  A water moccasin zombie (D:6)
  2 water moccasin skeletons
  3 killer bees (D:9)
  An electric eel (Lair:1)
  3 centaur zombies
  2 lava snakes (Lair:5)
  A bullfrog zombie (D:5)
  2 hounds
  4 orc priests
  3 jellies
  3 gnoll shamans
  Jessica (D:2)
  A centaur skeleton (D:6)
  An iguana (D:7)
  11 orc wizards
  2 killer bee zombies
  2 hound skeletons
  22 gnolls
  2 howler monkey skeletons
  A river rat (D:7)
  8 adders
  A worm (D:3)
  3 dart slugs
  38 orcs
  6 bats
  4 endoplasms
  2 giant cockroaches (D:1)
  6 goblins
  5 hobgoblins
  3 quokkas
  7 ball pythons
  2 frilled lizards
  19 kobolds
  2 rats (D:2)
  2 ballistomycete spores
387 creatures vanquished.

Vanquished Creatures (collateral kills)
  A black mamba (Lair:4)
  2 torpor snails
  3 dream sheep (Lair:6)
  A blink frog (Lair:6)
  A wyvern (Lair:4)
  4 yaks
  A black bear (Lair:6)
  45 ballistomycete spores
58 creatures vanquished.

Vanquished Creatures (others)
  2 ballistomycete spores (Lair:6)
  42 fungi
  62 plants
106 creatures vanquished.

Grand Total: 551 creatures vanquished

Notes
Turn   | Place    | Note
-------+----------+-------------------------------------------
     0 | D:1      | grimtooth the Merfolk Venom Mage began the quest for the
                  | Orb.
     0 | D:1      | Reached XP level 1. HP: 13/13 MP: 3/3
   256 | D:1      | Reached XP level 2. HP: 19/19 MP: 1/5
   765 | D:2      | Reached XP level 3. HP: 24/24 MP: 6/6
  1060 | D:2      | Noticed Jessica
  1073 | D:2      | Killed Jessica
  1074 | D:2      | Reached XP level 4. HP: 18/30 MP: 1/8
  1109 | D:2      | Found a faded altar of an unknown god.
  1475 | D:2      | Noticed Sigmund
  1508 | D:2      | Found Cang's Armour Shop.
  1763 | D:3      | Found Beconykk's Antique Armour Boutique.
  1858 | D:3      | Learned a level 2 spell: Poisonous Vapours
  1864 | D:3      | Found Ewituc's General Store.
  1884 | D:3      | Found Giwipes's Armour Boutique.
  1887 | D:3      | Found Nedijie's Distillery.
  1922 | D:3      | Reached skill level 5 in Poison Magic
  2075 | D:3      | Bought a scroll of identify for 22 gold pieces
  2202 | D:3      | Found Hurgheck's Armour Shoppe.
  2585 | D:4      | Reached XP level 5. HP: 34/35 MP: 9/9
  2708 | D:4      | Noticed Menkaure
  2974 | D:4      | Found an ornate altar of the Wu Jian Council.
  3020 | D:4      | Reached XP level 6. HP: 41/41 MP: 5/11
  3826 | D:5      | Entered Level 5 of the Dungeon
  4302 | D:5      | Reached XP level 7. HP: 46/46 MP: 7/13
  4939 | D:5      | Found a sacrificial altar of Ru.
  4939 | D:5      | Found a broken altar of Ashenzari.
  5271 | D:5      | Learned a level 4 spell: Olgreb's Toxic Radiance
  5487 | D:6      | Found a staircase to the Ecumenical Temple.
  5501 | Temple   | Entered the Ecumenical Temple
  5748 | Temple   | Became a worshipper of Fedhas Madash
  5785 | Temple   | Reached skill level 1 in Fighting
  5840 | Temple   | Reached XP level 8. HP: 37/54 MP: 11/14
  6303 | D:6      | Reached * piety under Fedhas
  6420 | D:6      | Reached skill level 5 in Stealth
  6842 | D:7      | Noticed a wraith
  6995 | D:2      | Killed Sigmund
  6996 | D:2      | Reached skill level 5 in Fighting
  7191 | D:6      | Reached XP level 9. HP: 43/69 MP: 15/15
  7369 | D:7      | Reached skill level 1 in Air Magic
  7652 | D:7      | Reached ** piety under Fedhas
  7879 | D:7      | Reached skill level 5 in Spellcasting
  7966 | D:7      | Noticed Joseph
  7985 | D:7      | Killed Joseph
  8630 | D:8      | Reached skill level 1 in Invocations
  8922 | D:8      | Reached XP level 10. HP: 59/79 MP: 9/19
  9153 | D:8      | Noticed Grum
  9163 | D:8      | Reached *** piety under Fedhas
  9185 | D:8      | Killed Grum
  9201 | D:8      | Found a glowing golden altar of the Shining One.
  9202 | D:8      | Found an opulent altar of Gozag.
  9597 | D:2      | Bought a +2 pair of gloves for 181 gold pieces
  9647 | D:3      | Bought a potion of curing for 33 gold pieces
  9664 | D:3      | Bought a potion of curing for 39 gold pieces
  9664 | D:3      | Bought a potion of heal wounds for 65 gold pieces
 10035 | D:9      | Reached skill level 1 in Short Blades
 10083 | D:9      | Noticed a centaur warrior
 10159 | D:9      | Found a shadowy altar of Dithmenos.
 10160 | D:9      | Found a hazy altar of Hepliaklqana.
 10280 | D:9      | Learned a level 3 spell: Mephitic Cloud
 10437 | D:9      | Reached skill level 5 in Dodging
 10495 | D:9      | Found a staircase to the Orcish Mines.
 10651 | D:9      | Noticed Erica
 10673 | D:9      | Reached XP level 11. HP: 70/89 MP: 11/20
 10808 | D:9      | Killed Erica
 10809 | D:9      | Reached skill level 5 in Short Blades
 10973 | D:9      | Noticed an orange crystal statue
 11026 | D:9      | Noticed Pikel
 11029 | D:9      | Noticed Prince Ribbit
 11035 | D:9      | Killed Pikel
 11058 | D:9      | Killed Prince Ribbit
 11522 | D:9      | Killed a centaur warrior
 11924 | D:10     | Entered Level 10 of the Dungeon
 12144 | D:10     | Found a snail-covered altar of Cheibriados.
 12286 | D:10     | Reached **** piety under Fedhas
 12469 | D:10     | Noticed a cyan ugly thing
 12560 | D:10     | Noticed a brown ugly thing
 12560 | D:10     | Noticed a purple ugly thing
 12675 | D:10     | Found a staircase to the Lair.
 12685 | D:10     | Noticed a cyan ugly thing
 12686 | D:10     | Noticed a red ugly thing
 13273 | Lair:1   | Entered Level 1 of the Lair of Beasts
 13714 | Lair:1   | Reached skill level 10 in Poison Magic
 13823 | Lair:1   | Noticed Harold
 14280 | Lair:1   | Learned a level 3 spell: Ozocubu's Armour
 14289 | Lair:2   | Noticed Gastronok
 14437 | Lair:2   | Noticed a seven-headed hydra
 14489 | Lair:2   | Killed a seven-headed hydra
 14765 | Lair:2   | Reached XP level 12. HP: 81/95 MP: 18/21
 14973 | Lair:2   | - weird layout
 15274 | Lair:3   | Reached skill level 1 in Ice Magic
 15398 | Lair:3   | Found a staircase to the Snake Pit.
 15817 | Lair:3   | Found a staircase to the Shoals.
 16315 | Lair:4   | Reached skill level 5 in Ice Magic
 16438 | Lair:4   | You fall into a shaft and drop 2 floors!
 16438 | Lair:6   | Entered Level 6 of the Lair of Beasts
 16439 | Lair:6   | - wonderful
 16457 | Lair:6   | Reached ***** piety under Fedhas
 16458 | Lair:6   | Reached XP level 13. HP: 82/101 MP: 4/23
 16639 | Lair:6   | Learned a level 1 spell: Freeze
 18121 | Lair:5   | Reached skill level 10 in Ice Magic
 18349 | Lair:5   | Identified the +1 robe "Luuptoaz" {Dex+4}
 18653 | Lair:4   | Found a runed translucent door.
 19508 | Lair:5   | Noticed Urug
 19549 | Lair:5   | Killed Urug
 19550 | Lair:5   | Reached XP level 14. HP: 43/108 MP: 20/27
 19753 | Lair:5   | Reached skill level 1 in Conjurations
 20228 | Lair:5   | Noticed Snorg
 20249 | Lair:5   | Killed by an exploding ballistomycete spore... set off by
                  | their pet

Illustrated notes

...........#
...>.......###
.............##
..............##
#...#..........##
...........).)..####
#####.P###.......#.#
#### #........####
###.....(.#.###
##........#.#
###.@.....##
#.........#
##.#...$..###
##w#.......##
#..(......##
####.......#
#.......# ###.....##
#......###
#P.......##
##.>.....P#


Turn 14973 on Lair:2: - weird layout .##.#.##F ....Y.. F .....Y .Y ....Y .F #..Y
.# #..#.## #....P### #@....... .............P. ............... .....###.......
.Y##. ###.#.. Y . #... . ..# w. #. Turn 16439 on Lair:6: - wonderful

Levels and vault maps discovered:
D:1:      elethiomel_arrival_shortcut, layout_rooms
D:2:      layout_basic, hellmonk_ecumenical_altar_blasted, serial_shops,
          nicolae_lakefront_shop, uniq_jessica, uniq_sigmund
D:3:      layout_basic, serial_shops, shop, shop, shop_statue, shop, shop,
          roderic_roman_lattice
D:4:      layout_gridville, mainiacjoe_overflow_catwalk, uniq_menkaure
D:5:      layout_loops_ring, mainiacjoe_overflow_divided_tiny, hex_large,
          minmay_misc_feat_encased, hangedman_abyss_or_decor_stagger,
          kennysheep_opposing_triangles
D:6:      layout_rooms, minmay_temple_entry_offerings
D:7:      layout_loops_ring, uniq_joseph
D:8:      layout_loops_ring, gammafunk_temple_overflow_statue,
          minmay_misc_feat_hallway, uniq_grum
D:9:      layout_loops_corners, riverfiend_overflow_shadow_ancestor,
          david_orc_2, minmay_protected_statue, uniq_pikel, uniq_erica,
          uniq_prince_ribbit1
D:10:     cheibrodos_breeding_chamber, layout_basic,
          nicolae_overflow_hidden_temple, minmay_lair_entry_grove
Temple:   minmay_temple_curvy_branch
Lair:1:   layout_regular_city, serial_bayou_shore_a, uniq_harold
Lair:2:   layout_hall_layers, st_stairs_3, uniq_gastronok
Lair:3:   beast_lair_carwin_large_3, layout_gridlike,
          minmay_shoals_entry_beasts, dummy_snake_entry,
          chequers_serial_rivers_small_a, minmay_stone_trees_medium,
          patterned_corridor
Lair:4:   gammafunk_indiana_jones, layout_loops_ring
Lair:5:   nzn_winding_woodlands_medium [nzn_winding_woodlands_hourglass,
          nzn_winding_woodlands_5x15_cabin, nzn_winding_woodlands_5x5_three,
          nzn_winding_woodlands_5x5_default,
          nzn_winding_woodlands_center_pierced_h,
          nzn_winding_woodlands_5x5_cross,
          nzn_winding_woodlands_5x5_checkerboard,
          nzn_winding_woodlands_5x15_parted,
          nzn_winding_woodlands_5x5_perimeter], layout_gridlike,
          minmay_slime_entry_pillars, nzn_random_ring, uniq_snorg, uniq_urug
Lair:6:   grunt_lair_end_beastmaster, layout_concentric_octagons,
          chequers_serial_rivers_micro_e

Skill      XL: |  1  2  3  4  5  6  7  8  9 10 11 12 13 14 |
---------------+-------------------------------------------+-----
Poison Magic   | 4 5 6 7 9 10 12 | 12.0
Spellcasting   | 3 4 6 7 9 |  9.0
Fighting       | 1 5 7 9 |  9.0
Stealth        | 6 |  6.0
Air Magic      | 4 |  4.5
Invocations    | 2 6 8 9 |  9.0
Short Blades   | 4 6 |  6.0
Dodging        | 5 9 |  9.0
Ice Magic      | 6 11 12 | 12.0
Conjurations   | 2 |  2.1
Transmutations | |  1.3

Action                   |  1- 3 |  4- 6 |  7- 9 | 10-12 | 13-15 || total
-------------------------+-------+-------+-------+-------+-------++-------
Melee: Dagger            |     5 |    40 |   433 |   628 |   179 ||  1285
       Tailslap          |       |       |       |     4 |       ||     4
 Fire: Hunting sling     |    18 |   102 |    79 |    81 |    44 ||   324
Throw: Stone             |    23 |       |       |       |       ||    23
       Dart              |       |       |     3 |    39 |    32 ||    74
 Cast: Sting             |    37 |    77 |    99 |    34 |       ||   247
       Poisonous Vapours |       |    19 |    40 |    56 |    36 ||   151
       Olgreb's Toxic Ra |       |       |    26 |    93 |    32 ||   151
       Mephitic Cloud    |       |       |       |     6 |     3 ||     9
       Ozocubu's Armour  |       |       |       |     1 |    16 ||    17
       Freeze            |       |       |       |       |    34 ||    34
Invok: Wall of Briars    |       |       |       |     3 |    10 ||    13
       Grow Ballistomyce |       |       |       |     2 |     5 ||     7
Evoke: Wand              |       |       |     9 |     8 |     9 ||    26
  Use: Scroll            |       |     7 |     1 |     4 |     2 ||    14
       Potion            |       |       |     2 |       |     1 ||     3
 Stab: Paralysed         |       |       |     6 |       |       ||     6
       Sleeping          |       |       |     1 |     2 |     5 ||     8
       Confused          |       |       |       |     3 |     5 ||     8
Armor: Robe              |     1 |       |       |       |       ||     1
       Leather armour    |     1 |    23 |   218 |   274 |    61 ||   577
Dodge: Dodged            |    16 |    60 |   321 |   487 |   170 ||  1054
